 Dungeon Crawl Stone Soup version 0.31.0 (webtiles) character file.

Game seed: 14775181556613567637

175 qw the Shooter (level 5, 0/32 HPs)
             Began as a Gargoyle Hunter on Jan 19, 2024.
             Slain by a hell rat (5 damage)
             ... in a sewer.
             The game lasted 00:00:10 (2561 turns).

qw the Shooter (Gargoyle Hunter)                    Turns: 2561, Time: 00:00:10

Health: 0/32       AC:  9    Str: 13 (15) XL:     5   Next: 55%
Magic:  5/5        EV: 10    Int:  6 (9)  God:
Gold:   149        SH:  0    Dex: 12 (15) Spells: 4/4 levels left

rFire   . . .        a - +0 shortbow
rCold   . . .        (shield currently unavailable)
rNeg    + . .        f - +0 ring mail
rPois   inf          (no helmet)
rElec   +            (no cloak)
rCorr   +            (no gloves)
SInv    .            (no boots)
Will    .....        (no amulet)
Stlth   +            d - +4 ring of slaying {mikee}
HPRegen 0.25/turn    o - ring of resist corrosion
MPRegen 0.09/turn

%: no passive effects
@: very slow
A: sickness immunity, AC +4, negative energy resistance 1, electricity
resistance, torment resistance 1, petrification resistance
a: no special abilities


You were in a sewer.
You visited 1 branch of the dungeon, and saw 3 of its levels.
You also visited: Sewer.

You collected 149 gold pieces.


Innate Abilities, Weirdness & Mutations

You are immune to sickness and miasma.
Your stone body is resilient. (AC +4)
You are immune to poison.
You resist negative energy. (rN+)
You are resistant to electric shocks. (rElec)
You are resistant to unholy torment.
You are immune to petrification.


   Skills:
 - Level 3.6 Fighting
 - Level 6.0 Ranged Weapons
 + Level 0.8 Armour
 - Level 1.5 Dodging
 - Level 1.1 Stealth


You had 4 spell levels left.
You didn't know any spells.
Your spell library was empty.

Inventory:

Hand Weapons
 a - a +0 shortbow (weapon)
Armour
 c - the +2 helmet of the Flute {Harm Slay+2}
   (You acquired it on level 3 of the Dungeon)

   Slay+2:    It affects your accuracy & damage with ranged weapons and melee
   (+2).
   Harm:      It increases damage dealt and taken.
 f - a +0 ring mail (worn)
Jewellery
 d - a +4 ring of slaying (left hand) {mikee}
 o - a ring of resist corrosion (right hand)
Wands
 j - a wand of iceblast (11)
 l - a wand of paralysis (13)
Potions
 e - a potion of brilliance {unknown}
 g - a potion of heal wounds {unknown}
 i - a potion of haste {unknown}
 m - a potion of enlightenment {unknown}
 n - a potion of mutation {unknown}

Dungeon Overview and Level Annotations

Branches:
Dungeon (3/15)              Sewer (1/1)

Altars:
Ru

Shops:
D:1 [


Message History

You see here a rat corpse.
You see here a river rat corpse.
You enter the shallow water.
Moving in this stuff is going to be slow.
You enter the shallow water.
Moving in this stuff is going to be slow.
A rat comes into view.
You shoot an arrow. The arrow hits the rat!
You kill the rat!
You open the door.
A hell rat comes into view.
The hell rat roars deafeningly!
Found four items.
Found a gate leading back out of this place.
You shoot an arrow. The arrow barely misses the hell rat.
Found three items.
A rat comes into view.
You shoot an arrow. The rat squeaks loudly.
The arrow hits the hell rat!
The hell rat is heavily wounded.
The hell rat barely misses you. The hell rat bites you!
You shoot an arrow.
The arrow hits the hell rat but does no damage.
The hell rat is heavily wounded.
The hell rat barely misses you.
You shoot an arrow. The arrow barely misses the hell rat.
The hell rat bites you but does no damage.
The hell rat barely misses you.
You shoot an arrow. The arrow hits the hell rat.
The hell rat is severely wounded.
The hell rat bites you but does no damage.
You shoot an arrow. The arrow closely misses the hell rat.
The hell rat barely misses you. The hell rat bites you!
You shoot an arrow. The arrow closely misses the hell rat.
The rat splashes around in the water.
The hell rat bites you!
You shoot an arrow. The arrow barely misses the hell rat.
The hell rat completely misses you. The rat bites you but does no damage.
The hell rat bites you.
You die...

~~~.... #~.~
~.## #~..#
.~.# ##..##~
~~## #...#~~~
~~.#
#.~##(~~##~.#
#~.#??~~~#r.#
#\\#\!~~~r@~#
#.~#!?~~~#~.#
#~.##?.~##~.#
#~~~#~~ #...#
##.%## ##..##
#~~~###~..#
##.~%~.~.##
#.~~.~~.#
###~..###


You could see a hell rat and a rat.

Vanquished Creatures
  An orc wizard (D:3)
  4 adders
  3 river rats
  A ribbon worm (D:3)
  2 dart slugs (D:1)
  3 orcs (D:3)
  4 ball pythons
  3 endoplasms
  6 giant cockroaches
  10 goblins
  9 hobgoblins
  4 jackals (D:1)
  3 quokkas
  8 bats
  3 frilled lizards
  2 kobolds
  9 rats
75 creatures vanquished.

Notes
Turn   | Place    | Note
-------+----------+-------------------------------------------
     0 | D:1      | qw the Gargoyle Hunter began the quest for the Orb.
     0 | D:1      | Reached XP level 1. HP: 12/12 MP: 1/1
     0 | D:1      | 0 ||| qw: Version: 0.3-a-132-g3d54051
     0 | D:1      | 0 ||| qw: Game counter: 4
     0 | D:1      | 0 ||| qw: Melee chars always use a shield: true
     0 | D:1      | 0 ||| qw: God list: Okawaru
     0 | D:1      | 0 ||| qw: Allow faded altars: false
     0 | D:1      | 0 ||| qw: Do Orc after clearing Dungeon:15 true
     0 | D:1      | 0 ||| qw: Do second Lair branch before Depths: true
     0 | D:1      | 0 ||| qw: Lair rune preference: random
     0 | D:1      | 0 ||| qw: Goals: Normal
     0 | D:1      | 0 ||| PLANNING D:1-11
   119 | D:1      | Reached XP level 2. HP: 17/17 MP: 2/2
   462 | D:1      | Reached XP level 3. HP: 21/21 MP: 3/3
   579 | D:1      | Reached skill level 5 in Ranged Weapons
   658 | D:1      | Found Isuon's Armour Boutique.
   668 | D:1      | 668 ||| SHOPLISTING +0 ring mail (40 gold, have 11).
   668 | D:1      | 668 ||| SHOPLISTING +1 leather armour of poison resistance
                  | (110 gold, have 11).
   668 | D:1      | 668 ||| SHOPLISTING scarf of resistance (320 gold, have
                  | 11).
   961 | D:1      | 961 ||| UPGRADING to +4 ring of slaying {mikee}.
   962 | D:1      | 962 ||| READING scroll labelled ELIDGHU QUSSEA.
   963 | D:1      | 963 ||| DROPPING scroll of butterflies.
  1013 | D:2      | Found a sacrificial altar of Ru.
  1243 | D:2      | Reached skill level 3 in Fighting
  1406 | D:2      | Reached XP level 4. HP: 26/28 MP: 4/4
  1425 | D:2      | 1425 ||| FLEEEEING.
  1426 | D:2      | 1426 ||| FLEEEEING.
  1427 | D:2      | 1427 ||| FLEEEEING.
  1428 | D:2      | 1428 ||| FLEEEEING.
  1429 | D:2      | 1429 ||| FLEEEEING.
  1430 | D:2      | 1430 ||| FLEEEEING.
  1742 | D:2      | 1742 ||| READING 2 scrolls labelled CELINA DIRAEL.
  1843 | D:2      | 1843 ||| READING scroll labelled HOM KUAGRAQOT.
  1844 | D:2      | 1844 ||| FLEEEEING.
  1846 | D:2      | 1846 ||| DRINKING 3 blue potions.
  1847 | D:2      | 1847 ||| DROPPING scroll of vulnerability.
  1853 | D:3      | 1853 ||| PLANNING SEWER
  2149 | D:3      | 2149 ||| DRINKING 2 potions of curing.
  2149 | D:3      | 2149 ||| (to cure confusion)
  2160 | D:3      | 2160 ||| FLEEEEING.
  2161 | D:3      | 2161 ||| FLEEEEING.
  2172 | D:3      | 2172 ||| FLEEEEING.
  2179 | D:3      | 2179 ||| DRINKING potion of curing.
  2179 | D:3      | 2179 ||| (to cure confusion)
  2183 | D:3      | 2183 ||| FLEEEEING.
  2349 | D:3      | Reached XP level 5. HP: 32/32 MP: 5/5
  2361 | D:3      | Reached skill level 6 in Ranged Weapons
  2413 | D:3      | Found a glowing drain.
  2426 | D:3      | 2426 ||| FLEEEEING.
  2464 | D:3      | 2464 ||| UPGRADING to +0 ring mail.
  2474 | D:3      | 2474 ||| DROPPING +0 leather armour.
  2475 | D:3      | 2475 ||| UPGRADING to ring of resist corrosion.
  2476 | D:3      | 2476 ||| READING scroll labelled WECWOM SOAG.
  2477 | D:3      | 2477 ||| FLEEEEING.
  2497 | D:3      | 2497 ||| READING scroll labelled LUQ RUSAAQ.
  2497 | D:3      | Identified a scroll of acquirement
  2497 | D:3      | 2497 ||| ACQUIRING +2 helmet of the Flute {Harm Slay+2}
  2497 | D:3      | Acquired the +2 helmet of the Flute {Harm Slay+2}
  2499 | D:3      | 2499 ||| DRINKING 2 fuming pink potions.
  2500 | D:3      | 2500 ||| DROPPING potion of degeneration.
  2524 | Sewer    | Entered a sewer
  2560 | Sewer    | HP: 4/32 [hell rat (9)]
  2561 | Sewer    | Slain by a hell rat

Levels and vault maps discovered:
D:1:      lightli_arrival_quake, layout_loops_corners, serial_shops, shop_statue
D:2:      layout_loops_ring, basic_altar, minivault_5, minmay_goblin_outpost
D:3:      minmay_inner_zag, layout_basic, portal_sewer_entry_e,
          dreamdust_ecumenical_altar_drowned_temple, minmay_crystal_water,
          nicolae_half_adder
Sewer:    sewer_hellmonk_bad_rat

Skill      XL: |  1  2  3  4  5 |
---------------+----------------+-----
Ranged Weapons | 5 6 |  6.0
Fighting       | 3 |  3.6
Armour         | |  0.8
Dodging        | |  1.5
Stealth        | |  1.1

Action                     |  1- 3 |  4- 6 || total
---------------------------+-------+-------++-------
  Melee: Shortbow          |       |     1 ||     1
   Fire: Shortbow          |    99 |   108 ||   207
    Use: Scroll            |     1 |     4 ||     5
         Potion            |       |     4 ||     4
 Armour: Leather armour    |    33 |    52 ||    85
         Ring mail         |       |     7 ||     7
  Dodge: Dodged            |    24 |    30 ||    54

Table legend:
 A = Non-vault XP
 B = Vault XP
 C = Vault XP percentage of total XP
 D = Non-vault monster count
 E = Vault monster count
 F = Vault count percentage of total count
                 A         B        C        D         E       F
            +---------+---------+-------+---------+---------+-------
      Total |     132 |     119 |  47.4 |      48 |      27 |  36.0
            +---------+---------+-------+---------+---------+-------
        D:1 |      55 |       0 |   0.0 |      31 |       0 |   0.0
        D:2 |      24 |      12 |  33.3 |       7 |       6 |  46.2
        D:3 |      53 |      89 |  62.7 |      10 |      16 |  61.5
      Sewer |       0 |      18 | 100.0 |       0 |       5 | 100.0
            +---------+---------+-------+---------+---------+-------
